TOP OF THE 1ST |
Nashua Redlegs batting - Pitching for Detroit Dirty Snow : RHP Hayden Collins
|
Pitching: RHP Hayden Collins
|
|
Batting: LHB Bob Campbell
|
0-0: Called Strike 0-1: Swinging Strike 0-2: Ball 1-2: Strikes out swinging
|
Batting: RHB Katsuhito Ohayashi
|
0-0: Ball 1-0: Called Strike 1-1: Swinging Strike 1-2: Foul Ball, location: 2F 1-2: Ball 2-2: Strikes out swinging
|
Batting: RHB Bob Fitzgerald
|
0-0: Called Strike 0-1: Called Strike 0-2: Strikes out swinging
|
Top of the 1st over - 0 run(s), 0 hit(s), 0 error(s), 0 left on base; Nashua 0 - Detroit 0 |
BOTTOM OF THE 1ST |
Detroit Dirty Snow batting - Pitching for Nashua Redlegs : RHP Nakamaro Uenohara
|
Pitching: RHP Nakamaro Uenohara
|
|
Batting: RHB Phil Wright
|
0-0: Foul Ball, location: 2F 0-1: Ball 1-1: Foul Ball, location: 2F 1-2: Foul Ball, location: 2F 1-2: Fly out, F4 (Line Drive, 4M)
|
Batting: RHB Cristo Souza
|
0-0: Called Strike 0-1: Foul Ball, location: 2F 0-2: Strikes out swinging
|
Batting: LHB Eric Powell
|
0-0: Ball 1-0: Ball 2-0: Ball 3-0: Called Strike 3-1: Base on Balls
|
Batting: RHB Carlos Rocha
|
0-0: Ball 1-0: Ball Eric Powell steals 2nd base 2-0: Swinging Strike 2-1: SINGLE (Groundball, 56D) Eric Powell to third Runner from 3rd tries for Home, SAFE, no throw
|
Batting: RHB Arturo Jiménez
|
0-0: Called Strike 0-1: Ball 1-1: Foul Ball, location: 2F 1-2: Foul Ball, location: 2F 1-2: Foul Ball, location: 2F 1-2: Foul Ball, location: 2F 1-2: SINGLE (Flyball, 8LS) Carlos Rocha to second
|
Batting: RHB Charlie O'Farrell
|
0-0: Called Strike 0-1: Foul Ball, location: 2F 0-2: Ball 1-2: Fielders Choice at 2nd, 6-4 (Groundball, 6)
|
Bottom of the 1st over - 1 run(s), 2 hit(s), 0 error(s), 1 left on base; Nashua 0 - Detroit 1 |
TOP OF THE 2ND |
Nashua Redlegs batting - Pitching for Detroit Dirty Snow : RHP Hayden Collins
|
Batting: RHB Juan Reyes
|
0-0: Ball 1-0: Ball 2-0: Ball 3-0: Foul Ball, location: 2F 3-1: Swinging Strike 3-2: SINGLE (Groundball, 6MD)
|
Batting: RHB Manny Herrera
|
0-0: Ball 1-0: Grounds into double play, 5-4-3 (Groundball, 56)
|
Batting: RHB Juan Hernández
|
0-0: Called Strike 0-1: Foul Ball, location: 2F 0-2: Ball 1-2: Strikes out swinging
|
Top of the 2nd over - 0 run(s), 1 hit(s), 0 error(s), 0 left on base; Nashua 0 - Detroit 1 |
BOTTOM OF THE 2ND |
Detroit Dirty Snow batting - Pitching for Nashua Redlegs : RHP Nakamaro Uenohara
|
Batting: SHB Alan Garland
|
0-0: Ball 1-0: Ball 2-0: Ball 3-0: Base on Balls
|
Batting: SHB Cristián López
|
0-0: Swinging Strike 0-1: Called Strike Alan Garland is caught stealing 2nd base 0-2: SINGLE (Line Drive, 3D)
|
Batting: RHB Carlos Salas
|
0-0: Foul Ball, location: 2F 0-1: Called Strike 0-2: Ball 1-2: Ball 2-2: Strikes out swinging
|
Batting: RHB Phil Wright
|
0-0: Ground out 1-3 (Groundball, 13S)
|
Bottom of the 2nd over - 0 run(s), 1 hit(s), 0 error(s), 1 left on base; Nashua 0 - Detroit 1 |
TOP OF THE 3RD |
Nashua Redlegs batting - Pitching for Detroit Dirty Snow : RHP Hayden Collins
|
Batting: SHB José Hernández
|
0-0: Called Strike 0-1: Ball 1-1: Swinging Strike 1-2: SINGLE (Groundball, 34D)
|
Batting: RHB John Newman
|
0-0: Ball 1-0: Fly out, F2 (Popup, 5S)
|
Batting: LHB William Romero
|
0-0: Ball 1-0: Ball 2-0: Foul Ball, location: 2F 2-1: Called Strike 2-2: Ball 3-2: Strikes out swinging José Hernández steals 2nd base Batter strikes out.
|
Batting: LHB Bob Campbell
|
0-0: Called Strike 0-1: Ball 1-1: Called Strike 1-2: Strikes out swinging
|
Top of the 3rd over - 0 run(s), 1 hit(s), 0 error(s), 1 left on base; Nashua 0 - Detroit 1 |
BOTTOM OF THE 3RD |
Detroit Dirty Snow batting - Pitching for Nashua Redlegs : RHP Nakamaro Uenohara
|
Batting: RHB Cristo Souza
|
0-0: Ball 1-0: Ball 2-0: Ground out 6-3 (Groundball, 6)
|
Batting: LHB Eric Powell
|
0-0: Ground out 4-3 (Groundball, 4)
|
Batting: RHB Carlos Rocha
|
0-0: Swinging Strike 0-1: Ground out 6-3 (Groundball, 6)
|
Bottom of the 3rd over - 0 run(s), 0 hit(s), 0 error(s), 0 left on base; Nashua 0 - Detroit 1 |
TOP OF THE 4TH |
Nashua Redlegs batting - Pitching for Detroit Dirty Snow : RHP Hayden Collins
|
Batting: RHB Katsuhito Ohayashi
|
0-0: Foul Ball, location: 2F 0-1: Ball 1-1: Foul Ball, location: 2F 1-2: Ground out 5-3 (Groundball, 56)
|
Batting: RHB Bob Fitzgerald
|
0-0: Swinging Strike 0-1: Swinging Strike 0-2: Strikes out looking
|
Batting: RHB Juan Reyes
|
0-0: Ball 1-0: Ball 2-0: Foul Ball, location: 2F 2-1: SINGLE (Line Drive, 5)
|
Batting: RHB Manny Herrera
|
0-0: Ball 1-0: Ball 2-0: Ball 3-0: Called Strike 3-1: Foul Ball, location: 2F 3-2: Foul Ball, location: 2F 3-2: Strikes out swinging
|
Top of the 4th over - 0 run(s), 1 hit(s), 0 error(s), 1 left on base; Nashua 0 - Detroit 1 |
BOTTOM OF THE 4TH |
Detroit Dirty Snow batting - Pitching for Nashua Redlegs : RHP Nakamaro Uenohara
|
Batting: RHB Arturo Jiménez
|
0-0: Ball 1-0: Ball 2-0: Ball 3-0: Called Strike 3-1: Base on Balls
|
Batting: RHB Charlie O'Farrell
|
0-0: Called Strike 0-1: Ball 1-1: Ball Arturo Jiménez steals 2nd base 2-1: Foul Ball, location: 2F 2-2: Foul Ball, location: 2F 2-2: SINGLE (Line Drive, 56) Arturo Jiménez to third
|
Batting: SHB Alan Garland
|
0-0: Swinging Strike 0-1: Ball 1-1: Foul Ball, location: 2F 1-2: Ball 2-2: Strikes out swinging
|
Batting: SHB Cristián López
|
0-0: Ball 1-0: Called Strike 1-1: Fly out, F7 (Flyball, 7S)
|
Batting: RHB Carlos Salas
|
0-0: Called Strike 0-1: SINGLE (Groundball, 4MD) Arturo Jiménez scores Charlie O'Farrell to second
|
Batting: RHB Phil Wright
|
0-0: Ball 1-0: Foul Ball, location: 2F 1-1: Foul Ball, location: 2F 1-2: Ball 2-2: Foul Ball, location: 2F 2-2: Fly out, F3 (Flyball, 3D)
|
Bottom of the 4th over - 1 run(s), 2 hit(s), 0 error(s), 2 left on base; Nashua 0 - Detroit 2 |
TOP OF THE 5TH |
Nashua Redlegs batting - Pitching for Detroit Dirty Snow : RHP Hayden Collins
|
Batting: RHB Juan Hernández
|
0-0: Swinging Strike 0-1: Ground out 5-3 (Groundball, 56)
|
Batting: SHB José Hernández
|
0-0: Foul Ball, location: 2F 0-1: Foul Ball, location: 2F 0-2: Ground out U3 (Groundball, 34S)
|
Batting: RHB John Newman
|
0-0: Ball 1-0: Ball 2-0: Foul Ball, location: 2F 2-1: Fly out, F8 (Flyball, 78S)
|
Top of the 5th over - 0 run(s), 0 hit(s), 0 error(s), 0 left on base; Nashua 0 - Detroit 2 |
BOTTOM OF THE 5TH |
Detroit Dirty Snow batting - Pitching for Nashua Redlegs : RHP Nakamaro Uenohara
|
Batting: RHB Cristo Souza
|
0-0: Ball 1-0: Ball 2-0: Called Strike 2-1: Ball 3-1: Ground out 6-3 (Groundball, 6)
|
Batting: LHB Eric Powell
|
0-0: Foul Ball, location: 2F 0-1: Called Strike 0-2: Ball 1-2: Ball 2-2: Ground out 6-3 (Groundball, 6M)
|
Batting: RHB Carlos Rocha
|
0-0: DOUBLE (Flyball, 89D)
|
Pitching: RHP Chris Martin
|
|
Batting: RHB Arturo Jiménez
|
0-0: Called Strike 0-1: Swinging Strike 0-2: Ball 1-2: Ball 2-2: SINGLE (Groundball, 4D) Carlos Rocha to third Runner from 3rd tries for Home, SAFE, no throw
|
Batting: RHB Charlie O'Farrell
|
0-0: Called Strike 0-1: Ball Arturo Jiménez is caught stealing 2nd base
|
Bottom of the 5th over - 1 run(s), 2 hit(s), 0 error(s), 0 left on base; Nashua 0 - Detroit 3 |
TOP OF THE 6TH |
Nashua Redlegs batting - Pitching for Detroit Dirty Snow : RHP Hayden Collins
|
Batting: LHB William Romero
|
0-0: Ball 1-0: Fly out, F2 (Popup, 23)
|
Batting: LHB Bob Campbell
|
0-0: Fly out, F8 (Flyball, 8LM)
|
Batting: RHB Katsuhito Ohayashi
|
0-0: Called Strike 0-1: Ball 1-1: Ball 2-1: Called Strike 2-2: Strikes out swinging
|
Top of the 6th over - 0 run(s), 0 hit(s), 0 error(s), 0 left on base; Nashua 0 - Detroit 3 |
BOTTOM OF THE 6TH |
Detroit Dirty Snow batting - Pitching for Nashua Redlegs : RHP Chris Martin
|
Batting: RHB Charlie O'Farrell
|
0-0: Ball 1-0: Ground out 3-1 (Groundball, 34)
|
Batting: SHB Alan Garland
|
0-0: Swinging Strike 0-1: Foul Ball, location: 2F 0-2: Ball 1-2: Fly out, F1 (Line Drive, 13)
|
Batting: SHB Cristián López
|
0-0: Foul Ball, location: 2F 0-1: Fly out, F8 (Flyball, 8LD)
|
Bottom of the 6th over - 0 run(s), 0 hit(s), 0 error(s), 0 left on base; Nashua 0 - Detroit 3 |
TOP OF THE 7TH |
Nashua Redlegs batting - Pitching for Detroit Dirty Snow : RHP Hayden Collins
|
Batting: RHB Bob Fitzgerald
|
0-0: Ball 1-0: Called Strike 1-1: Foul Ball, location: 2F 1-2: Ball 2-2: Strikes out swinging
|
Batting: RHB Juan Reyes
|
0-0: Ball 1-0: Foul Ball, location: 2F 1-1: Foul Ball, location: 2F 1-2: Strikes out swinging
|
Batting: RHB Manny Herrera
|
0-0: Called Strike 0-1: Ball 1-1: SINGLE (Line Drive, 8LS)
|
Pitching: LHP Marcos Ortíz
|
|
Batting: RHB Juan Hernández
|
0-0: Ball 1-0: Foul Ball, location: 2F Balk! Manny Herrera to second 1-1: Ball 2-1: Called Strike 2-2: Ball 3-2: Base on Balls
|
Batting: SHB José Hernández
|
0-0: Ball 1-0: Foul Ball, location: 2F 1-1: Ball 2-1: SINGLE (Groundball, 34D) Manny Herrera to third Juan Hernández to second Runner from 3rd tries for Home, SAFE, no throw
|
Batting: RHB John Newman
|
0-0: Swinging Strike 0-1: Ball 1-1: Called Strike 1-2: Foul Ball, location: 2F 1-2: Strikes out swinging
|
Top of the 7th over - 1 run(s), 2 hit(s), 0 error(s), 2 left on base; Nashua 1 - Detroit 3 |
BOTTOM OF THE 7TH |
Detroit Dirty Snow batting - Pitching for Nashua Redlegs : RHP Chris Martin
|
Batting: RHB Carlos Salas
|
0-0: Ball 1-0: Called Strike 1-1: Ball 2-1: Called Strike 2-2: Ball 3-2: Base on Balls
|
Batting: RHB Phil Wright
|
0-0: Ball 1-0: SINGLE (Groundball, 6D) Carlos Salas to second
|
Batting: RHB Cristo Souza
|
0-0: Swinging Strike 0-1: Ball 1-1: SINGLE (Groundball, 34D) Carlos Salas to third Phil Wright to second
|
Batting: LHB Eric Powell
|
0-0: Ball 1-0: Ball 2-0: Ball 3-0: Called Strike 3-1: Foul Ball, location: 2F 3-2: Base on Balls Carlos Salas scores Phil Wright to third Cristo Souza to second
|
Batting: RHB Carlos Rocha
|
0-0: Called Strike 0-1: Called Strike 0-2: Ball 1-2: Ball 2-2: Foul Ball, location: 2F 2-2: Foul Ball, location: 2F 2-2: SINGLE (Groundball, 6MD) Phil Wright scores Cristo Souza to third Eric Powell to second
|
Batting: RHB Arturo Jiménez
|
0-0: Called Strike 0-1: Ball 1-1: Ball 2-1: SINGLE (Flyball, 9S) Cristo Souza scores Eric Powell to third Carlos Rocha to second
|
Pitching: RHP Jorge Vázquez
|
|
Batting: RHB Charlie O'Farrell
|
0-0: Fielders Choice at 2nd, 4-6 (Groundball, 4) Eric Powell scores Carlos Rocha to third
|
Batting: SHB Alan Garland
|
0-0: Called Strike 0-1: Ball 1-1: Ball 2-1: Ball 3-1: Base on Balls Charlie O'Farrell to second
|
Batting: SHB Cristián López
|
0-0: Called Strike 0-1: Reached via error on a dropped throw, E4 Carlos Rocha scores Charlie O'Farrell to third Alan Garland to second
|
Batting: RHB Carlos Salas
|
0-0: Ball 1-0: Called Strike 1-1: Foul Ball, location: 2F 1-2: SINGLE (Groundball, 56D) Charlie O'Farrell scores Alan Garland to third Cristián López to second Runner from 3rd tries for Home, SAFE, no throw
|
Batting: RHB Phil Wright
|
0-0: Ball 1-0: Ball 2-0: Ball 3-0: Base on Balls Cristián López to third Carlos Salas to second
|
Batting: RHB Cristo Souza
|
0-0: Ball 1-0: Ball 2-0: SINGLE (Flyball, 6MD) Cristián López scores Carlos Salas to third Phil Wright to second Runner from 3rd tries for Home, SAFE, no throw
|
Pitching: LHP Jorge Melgaza
|
|
Batting: LHB Eric Powell
|
0-0: Ball 1-0: Ball Wild Pitch! Phil Wright to third Cristo Souza to second 2-0: Called Strike 2-1: Ball 3-1: Foul Ball, location: 2F 3-2: SINGLE (Line Drive, 8RS) Phil Wright scores Cristo Souza to third
|
Batting: RHB Carlos Rocha
|
0-0: Called Strike 0-1: Ball 1-1: Grounds into double play, 5-4-3 (Groundball, 56)
|
Bottom of the 7th over - 10 run(s), 7 hit(s), 1 error(s), 1 left on base; Nashua 1 - Detroit 13 |
TOP OF THE 8TH |
Nashua Redlegs batting - Pitching for Detroit Dirty Snow : LHP Marcos Ortíz
|
Batting: LHB William Romero
|
0-0: Called Strike 0-1: Swinging Strike 0-2: Strikes out looking
|
Batting: LHB Bob Campbell
|
0-0: Ball 1-0: Called Strike 1-1: Ground out 6-3 (Groundball, 56)
|
Batting: RHB Katsuhito Ohayashi
|
0-0: Swinging Strike 0-1: Called Strike 0-2: Ball 1-2: Strikes out swinging
|
Top of the 8th over - 0 run(s), 0 hit(s), 0 error(s), 0 left on base; Nashua 1 - Detroit 13 |
BOTTOM OF THE 8TH |
Detroit Dirty Snow batting - Pitching for Nashua Redlegs : LHP Jorge Melgaza
|
Batting: RHB Arturo Jiménez
|
0-0: Ball 1-0: Ground out 6-3 (Groundball, 6)
|
Batting: RHB Charlie O'Farrell
|
0-0: Called Strike 0-1: Ball 1-1: Ground out 6-3 (Groundball, 6)
|
Batting: SHB Alan Garland
|
0-0: Ball 1-0: Foul Ball, location: 2F 1-1: Ball 2-1: Called Strike 2-2: DOUBLE (Line Drive, 78D)
|
Batting: SHB Cristián López
|
0-0: Foul Ball, location: 2F 0-1: Ball 1-1: Ball 2-1: Ball 3-1: Base on Balls
|
Batting: RHB Carlos Salas
|
0-0: Swinging Strike 0-1: Ball 1-1: Fly out, F8 (Flyball, 78M)
|
Bottom of the 8th over - 0 run(s), 1 hit(s), 0 error(s), 2 left on base; Nashua 1 - Detroit 13 |
TOP OF THE 9TH |
Nashua Redlegs batting - Pitching for Detroit Dirty Snow : LHP Marcos Ortíz
|
Batting: RHB Bob Fitzgerald
|
0-0: Foul Ball, location: 2F 0-1: Foul Ball, location: 2F 0-2: Strikes out looking
|
Batting: RHB Juan Reyes
|
0-0: Reached on error, E9 (Flyball, 89M)
|
Batting: RHB Manny Herrera
|
0-0: Foul Ball, location: 2F 0-1: SINGLE (Line Drive, 4MD) Juan Reyes to second
|
Batting: RHB Juan Hernández
|
0-0: Foul Ball, location: 2F 0-1: Foul Ball, location: 2F 0-2: Ball 1-2: Ball 2-2: SINGLE (Groundball, 56D) Juan Reyes to third Manny Herrera to second Runner from 3rd tries for Home, SAFE, throw made home
|
Batting: SHB José Hernández
|
0-0: Swinging Strike 0-1: SINGLE (Groundball, 56) (infield hit) Manny Herrera to third Juan Hernández to second
|
Batting: RHB John Newman
|
0-0: Foul Ball, location: 2F 0-1: Ball 1-1: Called Strike 1-2: Ball 2-2: Foul Ball, location: 2F 2-2: Foul Ball, location: 2F 2-2: Foul Ball, location: 2F 2-2: Ball 3-2: Fielders Choice at 2nd, 4-6 (Groundball, 34D) Manny Herrera scores Juan Hernández to third
|
Batting: LHB William Romero
|
0-0: 3-RUN HOME RUN (Line Drive, 9D), Distance : 389 ft
|
Pitching: RHP George Burks
|
|
Batting: LHB Bob Campbell
|
0-0: SINGLE (Line Drive, 8LM)
|
Batting: RHB Katsuhito Ohayashi
|
0-0: Swinging Strike 0-1: Called Strike 0-2: Ball 1-2: Hit by Pitch Bob Campbell to second
|
Batting: RHB Bob Fitzgerald
|
0-0: Ball 1-0: Ball Wild Pitch! Bob Campbell to third Katsuhito Ohayashi to second 2-0: Ground out 5-3 (Groundball, 56S)
|
Top of the 9th over - 5 run(s), 5 hit(s), 1 error(s), 2 left on base; Nashua 6 - Detroit 13 |
|